 Dungeon Crawl Stone Soup version 0.23-a0-487-gc6253629db (webtiles) character file.

25 Flugkiller the Caller (level 2, 0/19 HPs)
             Began as a Mummy Summoner on Dec 1, 2018.
             Slain by an adder (3 damage)
             ... on level 2 of the Dungeon.
             The game lasted 00:02:36 (1872 turns).

Flugkiller the Caller (Mummy Summoner)              Turns: 1872, Time: 00:02:36

Health: 0/19       AC:  2    Str: 11    XL:     2   Next: 86%
Magic:  0/6        EV: 12    Int: 14    God:
Gold:   42         SH:  0    Dex: 12    Spells: 4/7 levels left

rFire    x . .     SeeInvis .   d - +0 dagger
rCold    + . .     Gourm    .   (no shield)
rNeg     + + +     Faith    .   a - +0 robe
rPois    ∞         Spirit   .   (no helmet)
rElec    .         Reflect  .   (no cloak)
rCorr    .         Harm     .   (no gloves)
MR       .....                  (no boots)
Stlth    ++........             (no amulet)
HPRegen  0.06/turn              (no ring)
MPRegen  0.10/turn              (no ring)

@: no status effects
A: no food or potions, fire vulnerability, cold resistance 1, negative energy
resistance 3, torment resistance, unbreathing
a: no special abilities


You were on level 2 of the Dungeon.
You were not hungry.

You visited 1 branch of the dungeon, and saw 2 of its levels.

You collected 42 gold pieces.

Inventory:

Hand Weapons
 d - a +0 dagger (weapon)
   (You took it off a goblin on level 1 of the Dungeon)
Armour
 a - a +0 robe (worn)
 e - a +0 shield
   (You found it on level 1 of the Dungeon)
Scrolls
 b - a scroll of remove curse {unknown}
 c - a scroll of enchant weapon {unknown}
 f - a scroll of teleportation
 g - a scroll of enchant armour {unknown}


   Skills:
 - Level 1.5 Dodging
 - Level 1.5 Stealth
 - Level 3.0 Spellcasting
 + Level 4.0 Summonings


You had 4 spell levels left.
You knew the following spells:

 Your Spells              Type           Power        Failure   Level  Hunger
a - Summon Small Mammal   Summ           ##..         4%          1    N/A
b - Call Imp              Summ           ##......     6%          2    N/A

Your spell library contained the following spells:

 Spells                   Type           Power        Failure   Level  Hunger
 Call Canine Familiar     Summ           ##......     12%         3    N/A
 Summon Guardian Golem    Hex/Summ       #.......     28%         3    N/A
 Summon Ice Beast         Ice/Summ       #.......     67%         4    N/A
 Summon Lightning Spire   Summ/Air       #.......     67%         4    N/A

Dungeon Overview and Level Annotations

Branches:
Dungeon (2/15)

Altars:


Innate Abilities, Weirdness & Mutations

You do not eat or drink.
Your flesh is vulnerable to fire.
You are immune to poison.
Your flesh is cold resistant. (rC+)
You are immune to negative energy. (rN+++)
You are immune to unholy pain and torment.
You can survive without breathing.


Message History

Casting: Call Imp (safe; 6% risk of failure)
Confirm with . or Enter, or press ? or * to list all spells.
A beastly little devil appears in a puff of flame.
Your crimson imp says, "I yield to your fealty, my illustrious and awesome You barely miss the adder.
The adder barely misses you.
Your shadow imp closely misses the adder.
The adder barely misses you.
Your crimson imp hits the adder.
You closely miss the adder.
The adder is lightly wounded.
The adder bites you.
Your shadow imp closely misses the adder.
Your crimson imp closely misses the adder.
You closely miss the adder.
The adder is lightly wounded.
The adder bites you.
Your shadow imp closely misses the adder.
Your crimson imp misses the adder.
You hit the adder but do no damage.
The adder is lightly wounded.
The adder bites you.
* * * LOW HITPOINT WARNING * * *
Your shadow imp hits the adder.
Your crimson imp blinks!
The adder closely misses you.
You barely miss the adder.
The adder is lightly wounded.
Your shadow imp disappears in a puff of smoke!
The adder bites you but does no damage.
Unknown command.
You closely miss the adder.
The adder is lightly wounded.
The adder bites you.
* * * LOW HITPOINT WARNING * * *
Your crimson imp hits the adder.
Casting: Call Imp (safe; 6% risk of failure)
Confirm with . or Enter, or press ? or * to list all spells.
A beastly little devil appears in a puff of flame.
The adder bites you but does no damage. The adder misses you.
Your crimson imp barely misses the adder.
Unknown command.
You miss the adder.
The adder is moderately wounded.
The adder barely misses you.
Your crimson imp hits the adder.
Your crimson imp closely misses the adder.
Unknown command.
Casting: Call Imp (safe; 6% risk of failure)
Confirm with . or Enter, or press ? or * to list all spells.
A shadowy apparition takes form in the air.
The adder bites you.
You die...

#.#.......##.##.##
#.#.......###.#.#.
#.#.......# ##...#
#.###...### ##.##
#.##.....# #.#
#.##.....# #.#
####5##.†...# #.#
#...S55.....# ...
#.##@##.....# #.#
#.##.##### #.#
..##.# #.# .###..#
.. .... #. #.## #.
.. #


You could see an adder, 2 friendly crimson imps and a friendly shadow imp.

Vanquished Creatures
  A leopard gecko (D:1)
  A hobgoblin (D:1)
  A frilled lizard (D:1)
  5 rats
8 creatures vanquished.

Vanquished Creatures (collateral kills)
  2 leopard geckos (D:1)
  3 bats
  A giant cockroach (D:1)
  7 goblins (D:1)
  4 hobgoblins (D:1)
  4 kobolds (D:1)
  A rat (D:1)
22 creatures vanquished.

Grand Total: 30 creatures vanquished

Notes
Turn   | Place    | Note
-------+----------+-------------------------------------------
     0 | D:1      | Flugkiller the Mummy Summoner began the quest for the Orb.
     0 | D:1      | Reached XP level 1. HP: 13/13 MP: 4/4
   229 | D:1      | Reached XP level 2. HP: 10/19 MP: 4/6
   376 | D:1      | Learned a level 2 spell: Call Imp
  1856 | D:2      | Reached skill level 4 in Summonings
  1872 | D:2      | Slain by an adder

Vault maps used:
D:1:      minmay_arrival_split_and_join, serial_bayou_crossing
D:2:      tgw_fedhas

Skill      XL: |  1  2 |
---------------+-------+-----
Spellcasting   | 3 |  3.0
Summonings     | 4 |  4.0
Dodging        | |  1.5
Stealth        | |  1.5

Action                   || total
-------------------------++-------
Melee: Unarmed           ||    10
       Dagger            ||    47
 Cast: Summon Small Mamm ||    15
       Call Imp          ||    22
  Use: Scroll            ||     1
 Stab: Sleeping          ||     1
Armor: Robe              ||    16
Dodge: Dodged            ||    54

Table legend:
 A = Non-vault XP
 B = Vault XP
 C = Vault XP percentage of total XP
 D = Non-vault monster count
 E = Vault monster count
 F = Vault count percentage of total count
                 A         B        C        D         E       F
            +---------+---------+-------+---------+---------+-------
      Total |      37 |       0 |   0.0 |      30 |       0 |   0.0
            +---------+---------+-------+---------+---------+-------
        D:1 |      34 |       0 |   0.0 |      27 |       0 |   0.0
        D:2 |       3 |       0 |   0.0 |       3 |       0 |   0.0
            +---------+---------+-------+---------+---------+-------
